 Dungeon Crawl Stone Soup version 0.20.0-7-g3b7b877 (webtiles) character file.

13447 Minion the Fighter (level 12, -6/133 HPs)
             Began as an Ogre Berserker on May 29, 2017.
             Was an Elder of Trog.
             Mangled by a blink frog (14 damage)
             ... on level 2 of the Lair of Beasts.
             The game lasted 00:26:43 (12769 turns).

Minion the Fighter (Ogre Berserker)                Turns: 12769, Time: 00:26:45

Health: -6/133     AC:  5    Str: 28    XL:     12   Next: 6%
Magic:  5/5        EV: 13    Int:  8    God:    Trog [****..]
Gold:   462        SH:  0    Dex:  8    Spells: 11/11 levels left

rFire    + . .     SeeInvis .   C - +5 eveningstar (antimagic)
rCold    . . .     Gourm    .   (no shield)
rNeg     . . .     Faith    .   v - +0 troll leather armour
rPois    .         Spirit   .   m - +0 hat
rElec    .         Reflect  .   (no cloak)
rCorr    .         Harm     .   (gloves unavailable)
MR       +++..                  (boots unavailable)
Stlth    +.........             (no amulet)
Regen    1.8/turn               f - ring of protection from fire
MPRegen  0.1/turn               (no ring)

@: berserk cooldown, starving, regenerating, slowed, very slow
A: unfitting armour, tough skin 1
a: Berserk, Trog's Hand, Brothers in Arms, Burn Spellbooks, Renounce Religion


You were on level 2 of the Lair of Beasts.
You worshipped Trog.
Trog was greatly pleased with you.
You were starving.

You visited 2 branches of the dungeon, and saw 11 of its levels.

You collected 462 gold pieces.

Inventory:

Hand Weapons
 z - a +0 giant spiked club
 C - a +5 antimagic eveningstar (weapon)
Armour
 m - a +0 hat (worn)
 v - a +0 troll leather armour (worn)
Jewellery
 f - a ring of protection from fire (left hand)
 N - an uncursed ring of poison resistance {unknown}
Wands
 o - a wand of flame (14/48)
 r - a wand of polymorph (12/24)
 A - a wand of paralysis (6/24)
 I - a wand of acid (3/15)
 L - a wand of flame (25/48)
Scrolls
 a - 10 scrolls of identify
 b - 2 scrolls of remove curse
 h - 2 scrolls of fog
 n - 4 scrolls of enchant weapon {unknown}
 s - 2 scrolls of amnesia {unknown}
 w - 3 scrolls of recharging {unknown}
 y - a scroll of enchant armour {unknown}
 B - a scroll of fear {unknown}
 F - a scroll of random uselessness {unknown}
 J - a scroll of summoning {unknown}
 K - a scroll of teleportation {unknown}
 M - a scroll of holy word {unknown}
Potions
 d - 3 potions of curing
 e - a potion of brilliance {unknown}
 g - a potion of mutation {unknown}
 j - 2 potions of magic {unknown}
 k - a potion of heal wounds
 l - a potion of degeneration {unknown}
 p - a potion of berserk rage {unknown}
 t - 3 potions of lignification {unknown}
 u - a potion of cancellation {unknown}
 D - 2 potions of flight {unknown}
 E - a potion of haste {unknown}
 H - a potion of might {unknown}
Books
 x - a book of Conjurations

   Spells                             Type                      Level
   a - Magic Dart                     Conjuration                  1
   b - Searing Ray                    Conjuration                  2
   c - Dazzling Spray                 Conjuration/Hexes            3
   d - Fulminant Prism                Conjuration/Hexes            4
   e - Force Lance                    Conjuration/Translocation    4
   f - Iskenderun's Mystic Blast      Conjuration                  4
   Trog disapproves of the use of such an item.
Comestibles
 c - 7 bread rations
 i - 2 meat rations
 q - 2 fruits


   Skills:
 + Level 12.9 Fighting
 + Level 9.5 Maces & Flails
 + Level 4.1 Armour
 + Level 9.4 Dodging
   Level 4.0 Shields
 + Level 4.5 Evocations


You had 11 spell levels left.
You didn't know any spells.

Dungeon Overview and Level Annotations

Branches:
Dungeon (9/15)             Temple (0/1) D:7            Lair (2/6) D:8
  Swamp: Lair:2-4    Shoals: Lair:2-4     Snake: Lair:2-4    Spider: Lair:2-4
    Orc: D:9-12

Altars:
Elyvilon
Fedhas
Gozag
Hepliaklqana
Kikubaaqudgha
Qazlal
Ru
Sif Muna
Trog
Vehumet
Yredelemnul
The Shining One

Shops:
D:9 *


Innate Abilities, Weirdness & Mutations

You are too large for most types of armour.
You have tough skin. (AC +1)


Message History

Your ogre hits the blink frog with a giant spiked club!!!
The blink frog dies!
Trog accepts your kill. The wolf bites you.
* * * LOW HITPOINT WARNING * * *
The blink frog blinks!
You miss the blink frog.
The blink frog is almost dead.
The wolf completely misses you.
Your ogre misses the blink frog. The blink frog barely misses you.
The wolf bites you.
* * * LOW HITPOINT WARNING * * *
The blink frog misses you.
Your ogre misses the blink frog. The wolf completely misses you.
Your skin crawls.
You feel resistant to hostile enchantments.
You are starving!
The wolf bites you.
* * * LOW HITPOINT WARNING * * *
The blink frog hits you!
You die...

###........# ##.##
##.....#
##P.#....#
#...#####.......
#####..##
###.#P##.....##.
##..#
#.....#....##.#
##..##
##..#......P##.
#...#
##..#......###..
.....
###O#####..###....
......#.F##
#....#.....
.....†h@##
##..#......
..#######
#P..P......
##P.........
#...........
##...........
##P...........
##.............
#.>............
#..............


You could see a blink frog, a wolf and a friendly ogre (berserk).

Vanquished Creatures
  A hydra (Lair:1)
  A two-headed ogre (D:8)
  The ghost of Chiseanne the Schismatic, a novice DDAK of Lugonu (D:8)
  4 elephants (Lair:2)
  A gargoyle (D:9)
  3 spiny frogs
  A komodo dragon (Lair:1)
  2 trolls (D:9)
  6 blink frogs
  2 hippogriffs
  A wraith (D:8)
  3 yaks (D:9)
  A steam dragon (D:7)
  An acid dragon (D:7)
  4 water moccasins
  8 porcupines
  2 orc warriors (D:6)
  4 ice beasts
  2 phantoms
  A necrophage (D:8)
  2 sky beasts
  5 ogres
  6 centaurs
  3 crocodiles
  A big kobold (D:7)
  Blork the orc (D:5)
  6 bullfrogs
  2 scorpions
  3 killer bees (D:9)
  13 wights
  2 howler monkeys (D:9)
  5 crimson imps
  A jelly (D:9)
  7 hounds
  A bullfrog skeleton (D:5)
  3 orc priests
  An iron imp (D:8)
  6 orc wizards
  A gnoll shaman (D:9)
  4 iguanas
  2 worker ants
  2 hound skeletons
  A worker ant zombie (D:7)
  7 adders
  5 gnolls (D:9)
  2 shadow imps
  A white imp (D:9)
  2 oozes
  An adder skeleton (D:5)
  2 worms (D:2)
  5 dart slugs
  5 leopard geckos
  25 orcs
  5 giant cockroaches
  10 goblins
  3 hobgoblins
  22 jackals
  5 quokkas
  A ball python zombie (D:5)
  7 bats
  4 frilled lizards
  3 goblin skeletons (D:8)
  A goblin zombie (D:8)
  A hobgoblin zombie (D:8)
  A jackal zombie (D:9)
  23 kobolds
  A kobold zombie (D:8)
  A leopard gecko skeleton (D:6)
  An orc skeleton (D:8)
  2 orc zombies (D:8)
  10 rats
283 creatures vanquished.

Vanquished Creatures (collateral kills)
  2 blink frogs (Lair:2)
  2 wolves (Lair:2)
4 creatures vanquished.

Vanquished Creatures (others)
  A plant (Lair:2)
1 creature vanquished.

Grand Total: 288 creatures vanquished

Notes
Turn   | Place    | Note
-------+----------+-------------------------------------------
     0 | D:1      | Minion the Ogre Berserker began the quest for the Orb.
     0 | D:1      | Reached XP level 1. HP: 24/24 MP: 1/1
   185 | D:1      | Reached XP level 2. HP: 27/33 MP: 2/2
   870 | D:2      | Reached XP level 3. HP: 40/40 MP: 3/3
   933 | D:2      | Reached skill level 5 in Fighting
   975 | D:2      | Reached ** piety under Trog
  1143 | D:2      | Reached XP level 4. HP: 47/50 MP: 4/4
  1322 | D:2      | Found a bloodstained altar of Trog.
  1821 | D:3      | Found a blossoming altar of Fedhas.
  1825 | D:3      | Found a stormy altar of Qazlal.
  2078 | D:3      | Reached XP level 5. HP: 41/57 MP: 5/5
  2246 | D:3      | Found an opulent altar of Gozag.
  2616 | D:4      | Found a hazy altar of Hepliaklqana.
  2687 | D:4      | Found a radiant altar of Vehumet.
  2793 | D:4      | Reached *** piety under Trog
  3147 | D:4      | Reached skill level 1 in Shields
  3149 | D:4      | Reached skill level 6 in Fighting
  3149 | D:4      | Reached XP level 6. HP: 66/67 MP: 6/6
  3666 | D:4      | Noticed a phantom
  3719 | D:4      | Killed a phantom
  4055 | D:5      | Entered Level 5 of the Dungeon
  4241 | D:5      | Reached XP level 7. HP: 62/76 MP: 7/7
  4931 | D:5      | Noticed Blork the orc
  4944 | D:5      | Reached skill level 7 in Fighting
  4953 | D:5      | Killed Blork the orc
  4955 | D:5      | Reached XP level 8. HP: 50/87 MP: 8/8
  5325 | D:5      | Reached skill level 5 in Maces & Flails
  5340 | D:5      | Reached skill level 5 in Dodging
  5742 | D:6      | Found a deep blue altar of Sif Muna.
  5880 | D:6      | Reached skill level 8 in Fighting
  6140 | D:6      | Found a white marble altar of Elyvilon.
  6328 | D:6      | Reached **** piety under Trog
  6611 | D:6      | Reached XP level 9. HP: 86/97 MP: 9/9
  6876 | D:7      | Found a basalt altar of Yredelemnul.
  6876 | D:7      | Found a sacrificial altar of Ru.
  6881 | D:7      | Found a glowing golden altar of the Shining One.
  6883 | D:7      | Found a faded altar of an unknown god.
  6885 | D:7      | Found a faded altar of an unknown god.
  7034 | D:7      | Reached skill level 9 in Fighting
  8021 | D:7      | Found a staircase to the Ecumenical Temple.
  8214 | D:8      | Noticed a two-headed ogre
  8221 | D:7      | Reached skill level 10 in Fighting
  8451 | D:8      | Noticed Chiseanne's ghost (novice DDAK)
  8468 | D:8      | Killed Chiseanne's ghost
  8468 | D:8      | Reached XP level 10. HP: 109/109 MP: 10/10
  8590 | D:8      | Reached ***** piety under Trog
  8855 | D:8      | Killed a two-headed ogre
  8855 | D:8      | Reached skill level 11 in Fighting
  9238 | D:8      | Found an ancient bone altar of Kikubaaqudgha.
  9242 | D:8      | Found a bloodstained altar of Trog.
  9368 | D:8      | Found a glowing golden altar of the Shining One.
  9370 | D:8      | Received a gift from Trog
  9474 | D:8      | Found a staircase to the Lair.
  9507 | D:9      | Reached skill level 1 in Evocations
  9553 | D:9      | Noticed a gargoyle
  9574 | D:9      | Killed a gargoyle
  9710 | D:9      | Reached skill level 1 in Armour
 10516 | D:9      | Reached XP level 11. HP: 121/121 MP: 4/12
 10523 | D:9      | Reached skill level 12 in Fighting
 10691 | D:9      | Found Daupla Kinuc's General Store.
 10758 | Lair:1   | Entered Level 1 of the Lair of Beasts
 11320 | Lair:1   | Noticed a six-headed hydra
 11329 | Lair:1   | Killed a six-headed hydra
 12736 | Lair:2   | Reached XP level 12. HP: 96/131 MP: 5/15
 12769 | Lair:2   | Mangled by a blink frog

Skill      XL: |  1  2  3  4  5  6  7  8  9 10 11 |
---------------+----------------------------------+-----
Dodging        | 3 4 5 7 8 9 |  9.4
Maces & Flails | 3 4 5 7 8 9 |  9.5
Fighting       | 5 6 7 8 10 11 12 | 12.9
Shields        | 1 2 3 4 |  4.0
Evocations     | 2 4 |  4.5
Armour         | 2 4 |  4.1

Action                   |  1- 3 |  4- 6 |  7- 9 | 10-12 || total
-------------------------+-------+-------+-------+-------++-------
Melee: Mace              |   102 |   149 |       |       ||   251
       Flail             |       |   103 |   126 |       ||   229
       Giant club        |       |       |   153 |    15 ||   168
       Eveningstar       |       |       |       |   267 ||   267
       Giant spiked club |       |       |       |    35 ||    35
Invok: Berserk           |       |     3 |     7 |    12 ||    22
       Trog's Hand       |       |     2 |     2 |     5 ||     9
       Brothers in Arms  |       |       |       |     2 ||     2
  Use: Scroll            |       |     5 |       |       ||     5
       Potion            |       |       |     2 |     1 ||     3
 Stab: Sleeping          |       |       |     1 |       ||     1
  Eat: Chunk             |     1 |    10 |    10 |    23 ||    44
       Royal jelly       |       |     2 |     1 |     1 ||     4
       Meat ration       |       |       |     1 |       ||     1
       Fruit             |       |       |     3 |     3 ||     6
Armor: Animal skin       |    27 |    74 |    43 |    15 ||   159
       Troll leather arm |       |       |       |    66 ||    66
Dodge: Dodged            |    79 |   133 |   147 |   245 ||   604
Block: Shield            |       |    62 |    69 |       ||   131
